 Dungeon Crawl Stone Soup version 0.28-a0-704-g4d584c6bc1 (webtiles) character file.

Game seed: 1211611617568537612

55413 MirrMurr the Unseen (level 14, -1/70 HPs)
             Began as a Spriggan Enchanter on Oct 24, 2021.
             Was the Champion of Dithmenos.
             Killed from afar by a gargoyle (27 damage)
             ... with a stone arrow
             ... on level 13 of the Dungeon.
             The game lasted 01:01:01 (31062 turns).

MirrMurr the Unseen (Spriggan Enchanter)           Turns: 31062, Time: 01:01:01

Health: -1/70      AC: 11    Str:  8    XL:     14   Next: 38%
Magic:  3/24       EV: 29    Int: 16    God:    Dithmenos [******]
Gold:   1224       SH: 11    Dex: 17    Spells: 14/25 levels left

rFire   . . .      SeeInvis +   a - +4 dagger (venom)
rCold   . . .      Faith    .   n - +3 buckler
rNeg    . . .      Spirit   .   z - +0 acid dragon scales
rPois   .          Reflect  .   B - +0 hat
rElec   .          Harm     .   D - +0 cloak
rCorr   +          Rampage  .   (gloves unavailable)
Will    ++...                   (boots unavailable)
Stlth   ++++++++++              (no amulet)
HPRegen 0.21/turn               J - +4 ring of protection
MPRegen 0.19/turn               F - +4 ring of evasion

@: confusing by touch, wreathed by umbra, very quick
A: very small, no large weapons, unfitting armour, see invisible, speed 3
a: Renounce Religion, Shadow Step, Shadow Form


You were on level 13 of the Dungeon.
You worshipped Dithmenos.
Dithmenos was exalted by your worship.
You visited 3 branches of the dungeon, and saw 20 of its levels.

You collected 1264 gold pieces.
You spent 40 gold pieces at shops.

Inventory:

Hand Weapons
 a - a +4 dagger of venom (weapon)
Missiles
 d - 508 stones (quivered)
 l - 83 poisoned darts
 x - 2 throwing nets
 y - 9 curare-tipped darts
Armour
 n - a +3 buckler (worn)
 p - a +2 robe of positive energy
 s - a +2 robe of cold resistance
 v - +0 swamp dragon scales
 z - +0 acid dragon scales (worn)
 B - a +0 hat (worn)
 D - a +0 cloak (worn)
 G - +0 pearl dragon scales
Jewellery
 A - a +6 ring of intelligence
 F - a +4 ring of evasion (right hand)
 J - a +4 ring of protection (left hand)
 O - a +6 ring of strength
 P - a ring of poison resistance
Wands
 h - a wand of iceblast (48)
 q - a wand of digging (7)
 C - a wand of acid (31)
 E - a wand of mindburst (14)
 K - a wand of flame (11)
 M - a wand of polymorph (22)
Scrolls
 f - 9 scrolls of teleportation
 w - 2 scrolls of magic mapping
 H - a scroll of fear
 N - a scroll of blinking
Potions
 b - a potion of berserk rage
 c - 3 potions of invisibility
 e - 2 potions of curing
 g - a potion of might
 i - 3 potions of haste
 j - 3 potions of flight
 k - 3 potions of ambrosia
 m - 5 potions of brilliance
 o - a potion of mutation
 r - 5 potions of heal wounds
 t - 6 potions of lignification
 u - 2 potions of resistance
 I - a potion of magic
Miscellaneous
 L - a phantom mirror


   Skills:
 - Level 6.0 Fighting
 - Level 10.0 Short Blades
 + Level 14.9 Dodging
 - Level 15.0 Stealth
 - Level 7.2 Shields
 - Level 6.0 Spellcasting
 - Level 10.0 Hexes
 * Level 12.3 Invocations


You had 14 spell levels left.
You knew the following spells:

 Your Spells              Type           Power      Damage    Failure   Level
a - Ensorcelled Hibernat  Hex/Ice        40%        N/A       4%          2
b - Confusing Touch       Hex            36%        N/A       1%          3
c - Tukima's Dance        Hex            36%        N/A       1%          3
d - Dazzling Flash        Conj/Hex       40%        N/A       10%         3

Your spell library contained the following spells:

 Spells                   Type           Power      Damage    Failure   Level
 Summon Guardian Golem    Hex/Summ       20%        N/A       10%         3
 Freeze                   Ice            16%        1d4       24%         1
 Shock                    Conj/Air       16%        1d4       24%         1
 Summon Small Mammal      Summ           16%        N/A       24%         1
 Corpse Rot               Necr/Air       8%         N/A       36%         2
 Call Canine Familiar     Summ           4%         N/A       58%         3
 Conjure Flame            Conj/Fire      4%         6-21      58%         3
 Frozen Ramparts          Ice            8%         1d2       58%         3
 Gell's Gravitas          Tloc           2%         N/A       58%         3
 Ignite Poison            Fire/Tmut/Pois 4%         N/A       58%         3
 Swiftness                Air            4%         N/A       58%         3
 Teleport Other           Tloc           4%         N/A       58%         3
 Airstrike                Air            2%         N/A       94%         4
 Dispel Undead            Necr           4%         3d7       94%         4
 Hailstorm                Conj/Ice       4%         3d4       94%         4
 Ice Form                 Ice/Tmut       4%         N/A       94%         4
 Sticky Flame             Conj/Fire      4%         2d3       94%         4
 Summon Ice Beast         Ice/Summ       4%         N/A       94%         4
 Conjure Ball Lightning   Conj/Air       2%         3x3d6     100%        6
 Death Channel            Necr           2%         N/A       100%        6
 Dispersal                Tloc           2%         N/A       100%        6
 Discord                  Hex            18%        N/A       100%        8
 Disjunction              Tloc           2%         N/A       100%        8


Dungeon Overview and Level Annotations

Branches:
Dungeon (13/15)            Temple (1/1) D:5            Lair (6/6) D:8
  Swamp (0/4) Lair:2        Snake (0/4) Lair:3        Slime (0/5) Lair:6
    Orc (0/2) D:9
 Vaults: D:13-14

Altars:
Ashenzari
Cheibriados
Dithmenos
Elyvilon
Fedhas
Gozag
Hepliaklqana
Kikubaaqudgha
Makhleb
Nemelex Xobeh
Okawaru
Qazlal
Ru
Sif Muna
Trog
Uskayaw
Vehumet
Wu Jian
Xom
Yredelemnul
Zin
The Shining One
Jiyva

Shops:
D:4 *   D:5 (

Portals:
Abyss: Lair:1

Annotations:
D:9 exclusion: orange crystal statue
D:10 2 transporters apport, exclusions: obsidian statue and orange crystal statue
Lair:1 2 transporters, Liado's ghost, journeyman PaFi
Lair:4 1 runed translucent door, Neggag's ghost, journeyman HuAr
Lair:5 exclusion: 2 oklob plants


Innate Abilities, Weirdness & Mutations

You are very small and have problems with some larger weapons.
You are too small for most types of armour.
You have supernaturally acute eyesight. (SInv)
You cover ground extremely quickly. (Speed+++)


Message History

Aim: a two-headed ogre, wielding a +0 giant spiked club and a +0 giant club (lightly wounded, poisoned, umbra, chance to affect: 32%)
The two-headed ogre easily resists.
The two-headed ogre barely misses you.
The two-headed ogre hits you with a +0 giant club!
You hit the two-headed ogre but do no damage.
The two-headed ogre is lightly wounded.
Casting: Ensorcelled Hibernation (safe; 4% risk of failure)
Confirm with . or Enter, or press ? or * to list all spells.
Aiming: Ensorcelled Hibernation (safe; 4% risk of failure)
Press: ? - help, Shift-Dir - straight line, f/p - two-headed ogre
Aim: a two-headed ogre, wielding a +0 giant spiked club and a +0 giant club (lightly wounded, poisoned, umbra, chance to affect: 32%)
The two-headed ogre easily resists.
The two-headed ogre closely misses you.
The two-headed ogre completely misses you.
Casting: Ensorcelled Hibernation (safe; 4% risk of failure)
Confirm with . or Enter, or press ? or * to list all spells.
Your hands begin to glow red.
The two-headed ogre looks more healthy.
You hit the two-headed ogre but do no damage.
The two-headed ogre appears confused.
The two-headed ogre is lightly wounded.
You block the two-headed ogre's attack.
The two-headed ogre hits you with a +0 giant club.
You strike the helpless two-headed ogre from behind!
You stick the two-headed ogre like a pincushion!!!
The two-headed ogre is almost dead.
You catch the helpless two-headed ogre completely off-guard!
You perforate the two-headed ogre like a sieve!!!
You kill the two-headed ogre!
Dithmenos accepts your kill.
Casting: Confusing Touch (safe; 1% risk of failure)
Confirm with . or Enter, or press ? or * to list all spells.
Your hands begin to glow red.
You hit the gargoyle but do no damage. The gargoyle hits you with a +0 mace!!
You emit a cloud of dark smoke.
You hit the gargoyle but do no damage. You hit the gargoyle but do no damage.
Your shadow hits the gargoyle but does no damage.
You block the gargoyle's attack.
You completely miss the gargoyle.
The gargoyle hurls a stone arrow at you.
The stone arrow hits you!!
You die...

## ≈≈ #.
≈≈≈.###
#§######
≈≈≈....
######§§.<..#
≈≈≈#.#
.....§§@#.#.#
≈≈≈..
.######§#.#.#
≈≈≈. #
#9#...#
≈≈##.#.#..
#§#####
(.<.......
...
........!.
....#
..........
#.....
######..$.
#.#≈..# ..#
#.≈≈≈.#


You could see a gargoyle.

Vanquished Creatures
  Nessos (Lair:6)
  Snorg (Lair:3)
  7 hydras
  Harold (Lair:1)
  2 catoblepae
  A centaur warrior (D:13)
  4 two-headed ogres
  Urug (D:12)
  A lindwurm (Lair:4)
  3 cyclopes
  An oklob plant (Lair:2)
  A manticore (D:12)
  13 elephants
  4 black mambas
  Joseph (D:8)
  A gargoyle (D:12)
  16 cane toads
  4 rime drakes
  2 unseen horrors (D:12)
  A kobold demonologist (D:11)
  Maggie (D:9)
  7 komodo dragons
  3 meliai (D:12)
  6 hornets
  2 polar bears (Lair:6)
  4 slime creatures (D:12)
  15 blink frogs
  A dream sheep (Lair:6)
  Sigmund (D:6)
  48 yaks
  A water elemental (D:12)
  3 shadows
  14 spriggans
  5 wyverns
  3 basilisks
  4 vampire mosquitoes (D:12)
  A steam dragon (D:9)
  Menkaure (D:5)
  An acid dragon (D:9)
  Duvessa (D:5)
  13 water moccasins
  6 orc warriors
  7 black bears
  8 ogres
  A necrophage (D:5)
  3 boggarts (Lair:6)
  26 wolves
  2 centaurs
  3 kobold brigands
  Blork the orc (D:5)
  7 bullfrogs
  A gnoll sergeant (D:9)
  Dowan (D:5)
  A scorpion (D:4)
  19 killer bees
  6 wights
  2 howler monkeys (D:10)
  2 bullfrog zombies (D:5)
  4 centaur zombies
  2 hounds
  2 jellies
  4 centaur skeletons
  8 orc priests
  3 gnoll shamans
  2 iguanas
  Terence (D:3)
  11 orc wizards
  14 gnolls
  7 adders
  4 white imps
  3 dart slugs
  A worm (D:4)
  31 orcs
  9 ball pythons
  A bat zombie (D:6)
  7 endoplasms
  4 giant cockroaches
  5 hobgoblins
  7 jackals
  5 quokkas
  4 bats
  A frilled lizard (D:2)
  7 goblins
  10 kobolds
  7 rats
  A bush (Lair:2)
462 creatures vanquished.

Vanquished Creatures (collateral kills)
  A two-headed ogre (D:12)
  A killer bee (D:9)
  2 wights (D:8)
  4 gnolls
8 creatures vanquished.

Vanquished Creatures (others)
  7 dancing weapons
  30 fungi
  28 plants
65 creatures vanquished.

Grand Total: 535 creatures vanquished

Notes
Turn   | Place    | Note
-------+----------+-------------------------------------------
     0 | D:1      | MirrMurr the Spriggan Enchanter began the quest for the
                  | Orb.
     0 | D:1      | Reached XP level 1. HP: 9/9 MP: 5/5
   311 | D:1      | Found a faded altar of an unknown god.
   341 | D:1      | Reached skill level 5 in Stealth
   341 | D:1      | Reached XP level 2. HP: 11/13 MP: 6/6
   434 | D:1      | Learned a level 2 spell: Ensorcelled Hibernation
  1874 | D:2      | Reached XP level 3. HP: 16/16 MP: 5/8
  1878 | D:2      | Learned a level 3 spell: Confusing Touch
  2381 | D:2      | Reached skill level 6 in Stealth
  3031 | D:3      | Noticed Terence
  3043 | D:3      | Killed Terence
  3044 | D:3      | Reached XP level 4. HP: 21/21 MP: 0/9
  3257 | D:3      | Found an ornate altar of the Wu Jian Council.
  3353 | D:3      | Learned a level 3 spell: Tukima's Dance
  3753 | D:3      | Reached skill level 7 in Stealth
  3753 | D:3      | Reached XP level 5. HP: 24/24 MP: 7/10
  4081 | D:4      | Found a sacrificial altar of Ru.
  4323 | D:4      | Reached skill level 8 in Stealth
  4323 | D:4      | Reached XP level 6. HP: 28/28 MP: 8/11
  4444 | D:4      | Reached skill level 5 in Short Blades
  5083 | D:4      | Found Zaulawy's General Store.
  5200 | D:4      | Bought a potion of might for 40 gold pieces
  5318 | D:5      | Entered Level 5 of the Dungeon
  5318 | D:5      | Noticed a water moccasin
  5638 | D:5      | Noticed Duvessa
  5638 | D:5      | Noticed Dowan
  6327 | D:5      | Reached XP level 7. HP: 32/32 MP: 1/13
  6330 | D:5      | Found a staircase to the Ecumenical Temple.
  6340 | Temple   | Entered the Ecumenical Temple
  6803 | Temple   | Became a worshipper of Dithmenos the Shadowed
  6885 | D:5      | Found a white marble altar of Elyvilon.
  7115 | D:4      | Reached skill level 5 in Hexes
  7625 | D:5      | Killed Duvessa
  7629 | D:5      | Killed Dowan
  7891 | D:5      | Reached XP level 8. HP: 21/36 MP: 11/15
  8036 | D:5      | Noticed Menkaure
  8037 | D:5      | Found Taorupra's Weapon Shoppe.
  8056 | D:5      | Killed Menkaure
  8057 | D:5      | Reached skill level 1 in Shields
  8272 | D:5      | Reached skill level 1 in Fighting
  8487 | D:5      | Noticed Blork the orc
  8498 | D:5      | Killed Blork the orc
  8543 | D:5      | Found a burning altar of Makhleb.
  8544 | D:5      | You fall into a shaft and drop 2 floors!
  8647 | D:5      | Noticed a balrug
  8752 | D:6      | Found an ancient bone altar of Kikubaaqudgha.
  8904 | D:6      | Found a basalt altar of Yredelemnul.
  8917 | D:6      | Noticed Sigmund
  8921 | D:6      | Killed Sigmund
  9322 | D:6      | Reached skill level 5 in Dodging
  9586 | D:6      | Found a stormy altar of Qazlal.
  9943 | D:6      | Reached * piety under Dithmenos
 10212 | D:7      | Reached XP level 9. HP: 41/43 MP: 13/16
 11325 | D:7      | Reached skill level 5 in Shields
 11874 | D:7      | Reached ** piety under Dithmenos
 12830 | D:8      | Found a staircase to the Lair.
 12843 | D:8      | Reached XP level 10. HP: 49/49 MP: 17/17
 12853 | D:8      | Reached skill level 9 in Stealth
 12985 | D:8      | Noticed a four-headed hydra
 13475 | D:8      | Noticed Joseph
 13482 | D:8      | Killed Joseph
 13588 | D:8      | Killed a four-headed hydra
 14292 | D:9      | Reached skill level 10 in Stealth
 14368 | D:9      | Noticed Maggie
 14404 | D:9      | Noticed a cyclops
 14430 | D:9      | Reached *** piety under Dithmenos
 14432 | D:9      | Noticed an orange crystal statue
 14805 | D:9      | Killed Maggie
 15413 | D:9      | Found a staircase to the Orcish Mines.
 15512 | D:10     | Entered Level 10 of the Dungeon
 15620 | D:10     | Found a hazy altar of Hepliaklqana.
 15620 | D:10     | Found an iron altar of Okawaru.
 15818 | D:10     | Found a transporter.
 15818 | D:10     | Found a transporter.
 15819 | D:10     | Noticed a boulder beetle
 15861 | D:10     | Noticed a two-headed ogre
 16155 | D:10     | Killed a two-headed ogre
 16156 | D:10     | Reached skill level 11 in Stealth
 16156 | D:10     | Reached XP level 11. HP: 53/53 MP: 10/18
 16354 | D:10     | Noticed an orange crystal statue
 16354 | D:10     | Noticed an obsidian statue
 16372 | D:10     | Found a glowing silver altar of Zin.
 16444 | D:10     | Reached skill level 10 in Dodging
 16967 | D:11     | Found an iron altar of Okawaru.
 16972 | D:11     | Reached skill level 1 in Invocations
 17785 | Lair:1   | Entered Level 1 of the Lair of Beasts
 17807 | Lair:1   | Reached skill level 12 in Stealth
 18135 | Lair:1   | Noticed an eight-headed hydra
 18313 | Lair:1   | Found a transporter.
 18355 | Lair:1   | Killed an eight-headed hydra
 18370 | Lair:1   | Noticed a brown ugly thing
 18431 | Lair:1   | Noticed Harold
 18436 | Lair:1   | Killed Harold
 18612 | Lair:1   | Noticed a four-headed hydra
 18619 | Lair:1   | Killed a four-headed hydra
 18729 | Lair:1   | Reached skill level 5 in Spellcasting
 18734 | Lair:1   | Reached **** piety under Dithmenos
 18836 | Lair:1   | Noticed a green ugly thing
 18845 | Lair:1   | Noticed a soul eater
 18846 | Lair:1   | Found a one-way gate to the infinite horrors of the Abyss.
 18851 | Lair:1   | Found a transporter.
 19128 | Lair:1   | Noticed Liado's ghost (journeyman PaFi)
 19251 | Lair:1   | Noticed a green ugly thing
 19355 | Lair:2   | Found a staircase to the Swamp.
 19362 | Lair:2   | Learned a level 3 spell: Dazzling Flash
 19434 | Lair:2   | Reached XP level 12. HP: 58/58 MP: 20/20
 19439 | Lair:2   | Noticed a six-headed hydra
 19496 | Lair:1   | Reached skill level 5 in Invocations
 20347 | Lair:2   | Reached skill level 13 in Stealth
 21429 | Lair:2   | Reached skill level 5 in Fighting
 21626 | Lair:2   | Killed a six-headed hydra
 22573 | Lair:3   | Found a staircase to the Snake Pit.
 22624 | Lair:3   | Noticed Snorg
 22686 | Lair:3   | Killed Snorg
 23164 | Lair:4   | Reached XP level 13. HP: 64/64 MP: 23/23
 23186 | Lair:4   | Reached skill level 14 in Stealth
 23281 | Lair:4   | Found a runed translucent door.
 23283 | Lair:4   | Found a shimmering altar of Xom.
 23283 | Lair:4   | Noticed Neggag's ghost (journeyman HuAr)
 23285 | Lair:4   | Identified the +4 demon whip of Perversion {chaos, Str+2
                  | Int+2}
 23874 | Lair:4   | Reached skill level 10 in Hexes
 24210 | Lair:5   | Reached ***** piety under Dithmenos
 24812 | Lair:6   | Entered Level 6 of the Lair of Beasts
 24812 | Lair:6   | Noticed Nessos
 24845 | Lair:6   | Reached skill level 10 in Short Blades
 24862 | Lair:6   | Found a staircase to the Slime Pits.
 24863 | Lair:6   | Found a viscous altar of Jiyva.
 25636 | Lair:6   | Reached skill level 15 in Stealth
 25873 | Lair:6   | Killed Nessos
 26164 | Lair:6   | Reached skill level 10 in Invocations
 27839 | Lair:5   | Reached XP level 14. HP: 39/70 MP: 22/24
 29692 | D:12     | Noticed Urug
 29710 | D:12     | Killed Urug
 30245 | D:12     | Reached ****** piety under Dithmenos
 31062 | D:13     | Killed from afar by a gargoyle

Illustrated notes

Levels and vault maps discovered:
D:1:      zaba_arrival_water, layout_basic, chequers_ecumenical_altar_island,
          serial_corexii_hall, corexii_hall_statues_x, corexii_hall_statues_l,
          corexii_hall_statues_l, chequers_hall_statues_y,
          minmay_misc_feat_ornament, minmay_3d_cube
D:2:      layout_loops_cross, chequers_serial_rivers_room_b, serial_bayou_pond_b
D:3:      layout_basic, mainiacjoe_overflow_boulevard, uniq_terence
D:4:      minmay_diamond_boxcup, layout_basic, nicolae_ru_path_of_blood,
          serial_shops, shop
D:5:      layout_rooms, elyvilon_altar_1, makhleb_altar_promises_db,
          minmay_temple_entry_tees, nicolae_wooded_promenade, uniq_duvessa,
          uniq_blork_the_orc, uniq_menkaure
D:6:      layout_cave_pods, lemuel_doored_altar,
          nicolae_qazlal_eye_of_the_storm, lemuel_zombie_altar_kikubaaqudgha,
          uniq_sigmund
D:7:      kennysheep_seaside_town, layout_loops_cross
D:8:      layout_loops_ring, lair_entry_dummy, grunt_ministairs_7, uniq_joseph
D:9:      layout_cave_pools, orc_0_dummy, amcnicky_mini_pool_small,
          minivault_16, uniq_maggie
D:10:     gammafunk_boulding_lane, layout_long_grid, zin_treasury,
          gammafunk_temple_overflow_pools, david_greed
D:11:     layout_roguey, okawaru_metal_pillars_1_2
D:12:     layout_cave_pools, serial_co_window_serial, co_window_corner_a,
          co_window_paths_a, co_window_corner_a, co_window_corner_a,
          co_window_cross_1, co_window_corner_a, co_window_paths_a,
          co_window_2corner, co_window_broadway_c, co_window_2corner,
          co_window_cross_2, co_window_4corner_a, glass_columns_b,
          glass_columns_a, glass_columns_a, glass_columns_c, uniq_urug
D:13:     layout_basic, nicolae_trove_entry_crossroad, uniq_frances
Temple:   minmay_temple_forest_path
Lair:1:   layout_hall_layers, gammafunk_ghost_abyssal_escape,
          infiniplex_staircase_pool_2, lemuel_fruit_tree, uniq_harold
Lair:2:   layout_gridlike, swamp_mist, minmay_lair_oklob_items,
          grunt_megastairs_4
Lair:3:   layout_regular_city, dummy_snake_entry, uniq_snorg
Lair:4:   layout_cave_pods, ebering_ghost_xom, grunt_megastairs_2
Lair:5:   minmay_lair_oklob_chamber, layout_hall_layers
Lair:6:   minmay_lair_end_enchanted_forest, layout_misc_corridors,
          slime_altar_1, uniq_nessos

Skill      XL: |  1  2  3  4  5  6  7  8  9 10 11 12 13 14 |
---------------+-------------------------------------------+-----
Stealth        | 5 6 7 8 11 12 13 15 | 15.0
Short Blades   | 2 3 4 5 7 8 9 10 | 10.0
Spellcasting   | 3 4 5 6 |  6.0
Hexes          | 4 8 9 10 | 10.0
Dodging        | 5 7 9 11 12 14 | 14.9
Shields        | 3 5 7 |  7.2
Fighting       | 2 4 5 6 |  6.0
Invocations    | 4 7 10 12 | 12.3

Action                   |  1- 3 |  4- 6 |  7- 9 | 10-12 | 13-15 || total
-------------------------+-------+-------+-------+-------+-------++-------
Melee: Dagger            |   177 |   108 |   282 |   457 |   621 ||  1645
Throw: Stone             |     6 |       |       |       |       ||     6
 Cast: Ensorcelled Hiber |    27 |    33 |    85 |   203 |   145 ||   493
       Confusing Touch   |       |     2 |    20 |    19 |    38 ||    79
       Tukima's Dance    |       |       |    14 |    11 |     6 ||    31
       Dazzling Flash    |       |       |       |       |     4 ||     4
Evoke: Wand              |       |       |     1 |       |       ||     1
  Use: Scroll            |       |     7 |     7 |    14 |     1 ||    29
       Potion            |       |     1 |       |     1 |     1 ||     3
 Stab: Sleeping          |    25 |    26 |    53 |   126 |    94 ||   324
       Confused          |       |     2 |    21 |    16 |    32 ||    71
       Invisible         |       |       |       |       |     3 ||     3
       Distracted        |       |       |       |       |     2 ||     2
Armor: Robe              |    16 |     4 |    12 |    11 |       ||    43
       Acid dragon scale |       |       |       |    18 |    31 ||    49
Dodge: Dodged            |   140 |    72 |   245 |   274 |   366 ||  1097
Block: Buckler           |       |       |     5 |   188 |   238 ||   431

Table legend: (Time is in decaauts)
 A = Elapsed time spent in this place.
 B = Non-inter-level travel time spent in this place.
 C = Inter-level travel time spent in this place.
 D = Time resting spent in this place.
 E = Time spent auto-exploring this place.
 F = Levels seen in this place.
 G = Mean time per level.
                   A        B        C        D        E       F      G
               +--------+--------+--------+--------+--------+-----+--------+
         Total |  24367 |  23213 |   1154 |   1355 |  17492 |  20 | 1218.3 |
       Dungeon |  15736 |  14952 |    784 |    733 |  11608 |  13 | 1210.5 |
        Temple |    338 |    309 |     29 |      0 |    300 |   1 |  338.0 |
          Lair |   8292 |   7952 |    340 |    621 |   5583 |   6 | 1382.0 |
               +--------+--------+--------+--------+--------+-----+--------+

Top non-repeatable levels by time:
     D:4: 2442 daAuts
  Lair:6: 2140 daAuts
     D:8: 1876 daAuts
  Lair:5: 1668 daAuts
  Lair:2: 1586 daAuts
    D:12: 1576 daAuts
     D:7: 1567 daAuts
     D:6: 1498 daAuts
     D:1: 1465 daAuts
  Lair:1: 1454 daAuts
     D:5: 1139 daAuts
     D:2: 954 daAuts
    D:10: 936 daAuts
     D:9: 896 daAuts
  Lair:3: 740 daAuts
